Map: Kairos Junction LE

Players

WidowMaker

  • Race: Terran Terran
  • League: Platinum
  • Spawn Location: 5:00

pHARM - Winner!

  • Race: Zerg Zerg
  • League: Platinum
  • Spawn Location: 11:00

VOD

Have the link to the VOD?

Description

Time

  • Played on: July 29, 2019, 4:04 p.m.
  • Length: 9:33
Show
View Real Time Build Order
Export as new Build Order

WidowMaker Terran 

Build Orders: 1/1/1, Banshee Rush 

Get SALT Encoding   

  12  0:01  SCV  
  13  0:13  SCV  
  14  0:17  Supply Depot  
  14  0:25  SCV  
  15  0:28  Refinery  
  15  0:41  Barracks  
  15  0:45  SCV  
  16  0:57  SCV  
  16  0:59  Supply Depot  
  17  1:09  SCV  
  18  1:21  SCV  
  19  1:29  Factory  
  19  1:30  Marine  
  20  1:39  Orbital Command  
  20  1:49  Refinery, Marine  
  21  2:08  Marine  
  21  2:11  SCV  
  21  2:15  Starport, Factory Tech Lab  
  23  2:27  SCV  
  24  2:31  Supply Depot  
  24  2:39  SCV, Marine  
  26  2:51  SCV  
  27  3:03  Cloaking Field, Banshee  
  30  3:14  Widow Mine  
  32  3:23  Barracks Tech Lab  
  32  3:34  SCV  
  32  3:36  Widow Mine  
  35  3:53  Supply Depot, Banshee  
  38  3:56  Stimpack  
  38  3:57  Marine  
  39  4:05  Factory Reactor  
  39  4:07  Command Center  
  39  4:15  Barracks  
  39  4:18  Barracks  
  39  4:20  SCV, Marine  
  41  4:41  SCV, Marine  
  40  4:53  SCV  
  40  4:59  Marine  
  42  5:17  Barracks Reactor x2  
  42  5:18  Marauder  
  42  5:20  Orbital Command  
  44  5:26  Engineering Bay  
  44  5:27  Engineering Bay  
  44  5:39  Marine  
  45  5:57  Marine  
  45  6:01  Medivac x2  
  45  6:02  Marine  
  45  6:03  Marine x3  
  54  6:05  Terran Infantry Weapons Level 1  
  54  6:06  Terran Infantry Armor Level 1  
  54  6:13  Supply Depot x3  
  54  6:15  Marine, Supply Depot  
  55  6:22  Orbital Command  
  55  6:36  Marine x2  
  55  6:37  Siege Tank  
  60  6:50  Marine x3  
  63  6:55  SCV x2  
  63  6:56  Factory  
  65  7:05  Medivac  
  65  7:07  SCV x2  
  69  7:09  Siege Tank  
  69  7:13  Refinery  
  69  7:14  Refinery  
  72  7:27  SCV x2  
  74  7:39  SCV x2  
  76  7:46  Siege Tank  
  79  7:51  SCV x2  
  81  8:07  Starport  
  81  8:11  Starport, Factory Reactor  
  81  8:15  Starport  
Show
View Real Time Build Order
Export as new Build Order

pHARM Zerg - Winner!

Build Orders: Hatch First, Muta Ling Bane 

Get SALT Encoding   

  12  0:01  Drone  
  13  0:09  Drone  
  14  0:16  Overlord  
  14  0:35  Drone x2  
  16  0:51  Hatchery  
  16  0:54  Drone  
  16  0:55  Drone  
  17  0:59  Drone  
  18  1:09  Extractor  
  17  1:16  Spawning Pool  
  16  1:18  Drone  
  16  1:22  Drone  
  18  1:32  Drone  
  19  1:45  Drone  
  20  1:58  Drone  
  21  2:02  Overlord  
  21  2:03  Queen  
  21  2:05  Queen  
  21  2:07  Zergling x2  
  26  2:32  Drone  
  26  2:33  Drone x2  
  26  2:34  Hatchery  
  28  2:52  Drone x5  
  33  2:59  Drone  
  34  3:08  Drone x2  
  34  3:11  Lair, Metabolic Boost  
  36  3:14  Overlord  
  36  3:19  Overlord  
  36  3:33  Drone x6  
  42  3:43  Spore Crawler  
  41  3:50  Drone x3  
  44  4:00  Drone x3  
  44  4:01  Drone x5  
  52  4:07  Queen  
  54  4:12  Extractor  
  53  4:17  Baneling Nest  
  53  4:20  Overseer  
  52  4:45  Queen x2  
  54  5:02  Zergling x8  
  58  5:16  Spore Crawler  
  58  5:19  Overseer  
  50  5:41  Drone  
  50  5:42  Drone x7  
  58  5:49  Overlord x2  
  58  6:01  Extractor  
  57  6:07  Queen x2  
  61  6:15  Hatchery  
  61  6:16  Hatchery  
  59  6:29  Extractor  
  59  6:30  Extractor  
  57  6:33  Overlord x4  
  57  6:34  Overlord x2  
  57  6:35  Zergling x18, Centrifical Hooks  
  66  6:59  Zergling x2  
  66  7:00  Zergling x20  
  77  7:01  Spire  
  77  7:07  Drone  
  77  7:19  Hatchery  
  76  7:24  Baneling x20  
  76  7:25  Baneling  
  76  7:34  Zergling x24  
  88  7:52  Zergling x12  
  88  7:53  Zergling x14  
  101  8:00  Overlord x2  
  101  8:13  Mutalisk x5  
  92  8:39  Zergling x42  
  92  8:40  Zergling x6  
  104  8:55  Zergling x10  
  98  9:08  Baneling  
  98  9:09  Baneling x11  
  91  9:14  Zergling x2  
  91  9:15  Zergling x10  
Tags
 
Add a new tag
Caveats
  • Supply blocks, unpowered buildings, or Contaminate may cause inaccurate times.
  • Supply counts are checked every 10 seconds.